 Dungeon Crawl Stone Soup version 0.30-a0-172-gc5509c9e31 (webtiles) character file.

Game seed: 2427948276406645091

41 drugrobin the Sneak (level 3, 0/30 HPs)
             Began as a Demigod Delver on Oct 1, 2022.
             Succumbed to an adder's poison
             ... on level 4 of the Dungeon.
             The game lasted 00:01:10 (231 turns).

drugrobin the Sneak (Demigod Delver)                 Turns: 231, Time: 00:01:10

Health: 0/30       AC:  3    Str: 13    XL:     3   Next: 16%
Magic:  5/5        EV: 12    Int: 12    God:
Gold:   0          SH:  0    Dex: 19    Spells: 2/2 levels left

rFire   . . .      SeeInvis .    a - +0 falchion
rCold   . . .      Faith    .    (no shield)
rNeg    . . .      Spirit   .    b - +0 leather armour
rPois   .          Reflect  .    (no helmet)
rElec   .          Harm     .    (no cloak)
rCorr   .          Rampage  .    (no gloves)
Will    .....                    (no boots)
Stlth   +++.......               (no amulet)
HPRegen 0.25/turn                (no ring)
MPRegen 0.09/turn                (no ring)

@: lethally poisoned (0 -> -7)
A: high MP 1, forlorn, divine attributes
a: no special abilities


You were on level 4 of the Dungeon.
You visited 1 branch of the dungeon, and saw 2 of its levels.

Inventory:

Hand Weapons
 a - a +0 falchion (weapon)
Armour
 b - a +0 leather armour (worn)
Wands
 g - a wand of digging (3)
Scrolls
 c - a scroll of fog
 e - a scroll of fear
Potions
 f - a potion of haste


   Skills:
 - Level 2.6 Fighting
 + Level 3.4 Long Blades
 - Level 1.7 Dodging
 - Level 4.5 Stealth


You had 2 spell levels left.
You didn't know any spells.
Your spell library was empty.

Dungeon Overview and Level Annotations

Branches:
Dungeon (5/15)
 Temple: D:4-7

Annotations:
D:5 1 transporter, Edmund


Innate Abilities, Weirdness & Mutations

You have an increased reservoir of magic. (+10% MP)
You shall have no god before yourself.
Your divine heritage dramatically boosts your attributes as you level up.


Message History

You feel sick. The adder bites you.
You are more poisoned.
The adder poisons you! The adder completely misses you.
You miss the adder. Your punch misses the adder.
The adder is heavily wounded.
You feel sick. The adder bites you but does no damage.
You hit the adder.
The adder is heavily wounded.
You feel sick. The adder bites you.
You are more poisoned.
The adder poisons you!
You closely miss the adder.
The adder is heavily wounded.
You feel very sick. The adder bites you but does no damage.
The adder closely misses you.
You hit the adder.
The adder is severely wounded.
* * * LOW HITPOINT WARNING * * *
You feel sick. The adder bites you.
* * * LOW HITPOINT WARNING * * *
You are more poisoned.
The adder poisons you!
Unknown command.
You slash the adder!
You kill the adder!
* * * LOW HITPOINT WARNING * * *
You feel very sick.
You have reached level 3!
Your experience leads to a dramatic increase in your attributes!
Increase (S)trength, (I)ntelligence, or (D)exterity?
You feel agile. x4
Unknown command.
Okay, then.
Okay, then.
As you read the scroll of magic mapping, it crumbles to dust.
You feel aware of your surroundings.
* * * LOW HITPOINT WARNING * * *
You feel sick.
Unknown command.
You die...

*#...,,**,,,,,,,,,,,,*,,,
*.....,,,,,,,,,,,,,,,*,,,
*....(,,,,,,,,,.,,,,,*,,,
*......,,,,,,,..,,,,,*,,,
*****#....**,**,.#*,**,****,
**,,*##....#####..##+**,****,
*,,,,.........>.....,,,,,,,,,
*,,,,...............,,,,,,,,,
*,,,,.......@.......,,,,,,,,,
*,,,,........†......,,,,,,,,,
*,,,,..............[,,,,,,,,,
*,,,,...............,,,,,,,,,
**,*,.#.##...###..##,**,****,
*****##*#...#**###*,**,****,
*....+,,,,,,,,,,,*,<,
#....#,,,,,,,,,,,*,,,
*,,,,*,,,,,,,,,,,*,,,


There were no monsters in sight!

Vanquished Creatures
  A hound (D:5)
  An adder (D:4)
  An orc (D:5)
3 creatures vanquished.

Notes
Turn   | Place    | Note
-------+----------+-------------------------------------------
     0 | D:5      | drugrobin the Demigod Delver began the quest for the Orb.
     0 | D:5      | Reached XP level 1. HP: 18/18 MP: 3/3
    24 | D:5      | Noticed a hound
    33 | D:5      | Killed a hound
    34 | D:5      | Reached XP level 2. HP: 15/25 MP: 4/4
    80 | D:5      | Noticed Edmund
   112 | D:5      | Found a transporter.
   230 | D:4      | Reached XP level 3. HP: 3/30 MP: 5/5
   230 | D:4      | HP: 1/30 [poisoned by an adder]
   231 | D:4      | Succumbed to an adder's poison

Illustrated notes

Levels and vault maps discovered:
D:4:      layout_gridville
D:5:      gammafunk_cloud_chamber, layout_loops_ring, tgw_sif,
          kennysheep_little_box, nicolae_overflow_squiral,
          minmay_temple_entry_poolview, uniq_edmund, uniq_menkaure

Skill      XL: |  1 |
---------------+----+-----
Long Blades    | 3 |  3.4
Fighting       | |  2.6
Dodging        | |  1.7
Stealth        | |  4.5

Action                   || total
-------------------------++-------
Melee: Falchion          ||    19
  Use: Scroll            ||     1
 Stab: Sleeping          ||     1
Armor: Leather armour    ||     7
Dodge: Dodged            ||    11

Table legend: (Time is in decaauts)
 A = Elapsed time spent in this place.
 B = Non-inter-level travel time spent in this place.
 C = Inter-level travel time spent in this place.
 D = Time resting spent in this place.
 E = Time spent auto-exploring this place.
 F = Levels seen in this place.
 G = Mean time per level.
                   A        B        C        D        E       F      G
               +--------+--------+--------+--------+--------+-----+--------+
         Total |    234 |    234 |      0 |     42 |     22 |   2 |  117.0 |
       Dungeon |    234 |    234 |      0 |     42 |     22 |   2 |  117.0 |
               +--------+--------+--------+--------+--------+-----+--------+

Top non-repeatable levels by time:
     D:5: 222 daAuts
     D:4: 11 daAuts
